 Dungeon Crawl Stone Soup version 0.28.0-45-g0d030f2227 (webtiles) character file.

Game seed: 384212576898510679

72 experimilk the Chopper (level 4, -7/55 HPs)
             Began as a Palentonga Berserker on Apr 2, 2022.
             Was a Believer of Trog.
             Mangled by a gnoll
             ... wielding a +0 halberd
              (10 damage)
             ... on level 2 of the Dungeon.
             The game lasted 00:01:32 (1402 turns).

experimilk the Chopper (Palentonga Berserker)       Turns: 1402, Time: 00:01:33

Health: -7/55      AC:  5    Str: 22    XL:     4   Next: 6%
Magic:  4/4        EV:  9    Int:  7    God:    Trog [**....]
Gold:   38         SH:  0    Dex: 10    Spells: 3/3 levels left

rFire   . . .      SeeInvis +   a - +0 hand axe
rCold   . . .      Faith    .   (no shield)
rNeg    . . .      Spirit   .   e - +0 ring mail
rPois   .          Reflect  .   (no helmet)
rElec   .          Harm     .   (no cloak)
rCorr   .          Rampage  .   (no gloves)
Will    ++...                   (no barding)
Stlth   ..........              (no amulet)
HPRegen 1.18/turn               (no ring)
MPRegen 0.09/turn               (no ring)

@: berserking, strong-willed, regenerating, very quick
A: large, rugged brown scales 3, see invisible, deformed body, roll 1, armoured
tail
a: Rolling Charge, Renounce Religion, Berserk, Trog's Hand


You were on level 2 of the Dungeon.
You worshipped Trog.
Trog was pleased with you.
You visited 1 branch of the dungeon, and saw 2 of its levels.

You collected 38 gold pieces.

Inventory:

Hand Weapons
 a - a +0 hand axe (weapon)
Armour
 b - a +0 animal skin
 e - a +0 ring mail (worn)
Scrolls
 c - a scroll of enchant armour {unknown}
Potions
 d - a potion of ambrosia {unknown}


   Skills:
 - Level 3.0 Fighting
 * Level 5.0 Axes
 - Level 1.5 Armour
 - Level 1.5 Dodging


You had 3 spell levels left.
You didn't know any spells.
Your spell library was empty.

Dungeon Overview and Level Annotations

Branches:
Dungeon (2/15)

Altars:


Innate Abilities, Weirdness & Mutations

You are completely covered in rugged brown scales. (AC +3, +7% HP)
You have supernaturally acute eyesight. (SInv)
Armour fits poorly on your strangely shaped body.
You can roll at nearby foes to attack.
You have a long armoured tail.


Message History

No target in view!
No target in view!
A gnoll comes into view. It is wielding a +0 spear.
The gnoll shouts!
You hear a shout! x3
The gnoll hits you from afar with a +0 spear.
A gnoll is nearby!
The gnoll hits you with a +0 spear.
A gnoll is nearby!
You barely miss the gnoll. The gnoll hits you with a +0 spear!
A gnoll comes into view. It is wielding a +0 halberd.
There are monsters nearby!
You slash the gnoll!
The gnoll is severely wounded.
The gnoll hits you with a +0 spear. x2
There are monsters nearby!
You are too injured to fight recklessly!
There are monsters nearby!
You are too injured to fight recklessly!
There are monsters nearby!
You are too injured to fight recklessly!
Your skin crawls.
You feel strong-willed. The gnoll barely misses you.
The gnoll hits you with a +0 spear.
A red film seems to cover your vision as you go berserk!
You feel yourself moving faster!
You feel mighty!
The gnoll hits you from afar with a +0 halberd!
The gnoll hits you with a +0 spear.
* * * LOW HITPOINT WARNING * * *
You slash the gnoll!
You kill the gnoll!
Trog accepts your kill.
The gnoll hits you from afar with a +0 halberd!
* * * LOW HITPOINT WARNING * * *
Your Axes skill increases to level 5!
You have reached level 4!
You feel agile. The gnoll barely misses you.
You see here a +0 spear.
You closely miss the gnoll. The gnoll hits you with a +0 halberd!
You die...

###### .....# ###
.....##########################.#
................................#
.....##########################.#
.......# #.........†..†#....#.#
.....#.# #.###########†#.##.#..
.....#.# #.#.g@...# #.#.##.###
######.#####.#.####.# #....#....
#.......# #.####.#.#####.
######### #......#..# #.
######.#..####. #.#.......
#.##.##### #.##.# #.##.#


You could see a gnoll.

Vanquished Creatures
  A gnoll (D:2)
  An adder (D:2)
  A dart slug (D:1)
  6 bats
  3 endoplasms
  3 giant cockroaches (D:1)
  5 goblins
  3 hobgoblins
  6 jackals
  4 kobolds (D:1)
  3 quokkas (D:1)
  3 ball pythons
  3 frilled lizards
  3 rats (D:1)
45 creatures vanquished.

Vanquished Creatures (others)
  3 plants (D:1)
3 creatures vanquished.

Grand Total: 48 creatures vanquished

Notes
Turn   | Place    | Note
-------+----------+-------------------------------------------
     0 | D:1      | experimilk the Palentonga Berserker began the quest for the
                  | Orb.
     0 | D:1      | Reached XP level 1. HP: 19/19 MP: 1/1
    21 | D:1      | Noticed a golden eye
    24 | D:1      | Found a faded altar of an unknown god.
    26 | D:1      | Noticed a great orb of eyes
    29 | D:1      | Noticed a great orb of eyes
    29 | D:1      | Noticed a golden eye
   172 | D:1      | Reached XP level 2. HP: 24/25 MP: 2/2
   239 | D:1      | Reached skill level 4 in Axes
   568 | D:1      | Reached ** piety under Trog
   783 | D:1      | Reached XP level 3. HP: 31/31 MP: 3/3
  1400 | D:2      | HP: 1/46 [gnoll/+0 halberd (11)]
  1401 | D:2      | Reached skill level 5 in Axes
  1401 | D:2      | Reached XP level 4. HP: 2/37 MP: 4/4
  1402 | D:2      | Mangled by a gnoll

Illustrated notes

Levels and vault maps discovered:
D:1:      denvon_arrival_planthouse, layout_rooms,
          hellmonk_ecumenical_altar_watching_god
D:2:      layout_basic

Skill      XL: |  1  2  3 |
---------------+----------+-----
Axes           | 4 5 |  5.0
Fighting       | |  3.0
Armour         | |  1.5
Dodging        | |  1.5

Action                   |  1- 3 |  4- 6 || total
-------------------------+-------+-------++-------
Melee: Hand axe          |   109 |     1 ||   110
       Tailslap          |     6 |       ||     6
Invok: Berserk           |     2 |       ||     2
       Trog's Hand       |     1 |       ||     1
 Abil: Rolling Charge    |     4 |       ||     4
Armor: Animal skin       |    22 |       ||    22
       Ring mail         |    20 |       ||    20
Dodge: Dodged            |    54 |     1 ||    55
